[Event "EYCC Open-U18 2019"]
[Site "Bratislava"]
[Date "2019.08.10"]
[Round "9.28"]
[White "Storme, Isak"]
[Black "Veleshnja, Zino"]
[Result "1-0"]
[ECO "B90"]
[WhiteElo "2330"]
[BlackElo "2131"]
[Annotator "NA"]
[PlyCount "71"]
[EventDate "2019.08.02"]
[EventType "swiss"]
[EventCountry "SVK"]
[SourceTitle "playchess.com"]
[Source "ChessBase"]
[SourceQuality "1"]
[TimeControl "40/5400+30:1800+30"]

1. e4 c5 2. Nf3 d6 3. d4 cxd4 4. Nxd4 Nf6 5. Nc3 a6 6. b3 g6 7. Bb2 Bg7 8. Qd2 O-O 9. O-O-O b5 10. f3 Bd7 11. h4 h5 12. Kb1 Qa5 13. a3 Rc8 14. g4 hxg4 15. fxg4 Bxg4 16. Be2 Bh5 17. Rdg1 Nbd7 18. Nf5 gxf5 19. Qg5 Bg6 20. h5 Nf8 21. hxg6 fxg6 22. b4 Qc7 23. Bd3 e5 24. exf5 d5 25. fxg6 Ne6 26. Qh4 Nd4 27. Rf1 Qd6 28. Rxf6 Qxf6 29. Qh7+ Kf8 30. Nxd5 Qf2 31. Rf1 Rxc2 32. Bxd4 exd4 33. Rxf2+ Rxf2 34. Nc7 Ra7 35. Ne6+ Ke8 36. Nxg7+ 1-0

[Event "EYCC Open-U18 2019"]
[Site "Bratislava"]
[Date "2019.08.10"]
[Round "9.29"]
[White "Papp, Levente"]
[Black "Pektas, Yigit"]
[Result "1-0"]
[ECO "A11"]
[WhiteElo "2362"]
[BlackElo "2111"]
[Annotator "NA"]
[PlyCount "37"]
[EventDate "2019.08.02"]
[EventType "swiss"]
[EventCountry "SVK"]
[SourceTitle "playchess.com"]
[Source "ChessBase"]
[SourceQuality "1"]
[TimeControl "40/5400+30:1800+30"]

1. c4 c6 2. Nc3 d5 3. cxd5 cxd5 4. d4 Nf6 5. Bf4 Nc6 6. e3 a6 7. Rc1 Bf5 8. Bd3 Bxd3 9. Qxd3 e6 10. Nf3 Be7 11. O-O O-O 12. Bg5 Rc8 13. Bxf6 Bxf6 14. Na4 Qd6 15. Nc5 Rc7 16. Qb3 Na5 17. Qb4 Nc4 18. b3 Qb6 19. Rxc4 1-0

[Event "EYCC Open-U18 2019"]
[Site "Bratislava"]
[Date "2019.08.10"]
[Round "9.30"]
[White "Garanin, Aleksei"]
[Black "Stevanic, David"]
[Result "0-1"]
[ECO "D30"]
[WhiteElo "2192"]
[BlackElo "2306"]
[Annotator "NA"]
[PlyCount "72"]
[EventDate "2019.08.02"]
[EventType "swiss"]
[EventCountry "SVK"]
[SourceTitle "playchess.com"]
[Source "ChessBase"]
[SourceQuality "1"]
[TimeControl "40/5400+30:1800+30"]

1. d4 d5 2. c4 e6 3. Nf3 c5 4. g3 dxc4 5. Bg2 Nc6 6. O-O cxd4 7. Qa4 Bd7 8. Qxc4 e5 9. Ng5 Qe7 10. Bd5 Nh6 11. f4 f6 12. Ne4 Nf7 13. Na3 a6 14. e3 Nd6 15. Nxd6+ Qxd6 16. exd4 exd4 17. Re1+ Be7 18. Bd2 O-O-O 19. f5 b5 20. Nxb5 axb5 21. Qxb5 Qb8 22. Qc4 Qc7 23. Rac1 Bd6 24. Bxc6 Bxc6 25. Qxc6 Qxc6 26. Rxc6+ Kb7 27. Rec1 Rhe8 28. Ba5 Rd7 29. Rb6+ Ka7 30. Rb3 d3 31. Bb6+ Ka6 32. Rc6 Bb4 33. Be3+ Ka5 34. a3 Rxe3 35. axb4+ Kb5 36. Rc5+ Kb6 0-1

[Event "EYCC Open-U18 2019"]
[Site "Bratislava"]
[Date "2019.08.10"]
[Round "9.31"]
[White "Bekasovs, Rihards"]
[Black "Omorjan, Dejan"]
[Result "1/2-1/2"]
[ECO "A05"]
[WhiteElo "2144"]
[BlackElo "2317"]
[Annotator "NA"]
[PlyCount "38"]
[EventDate "2019.08.02"]
[EventType "swiss"]
[EventCountry "SVK"]
[SourceTitle "playchess.com"]
[Source "ChessBase"]
[SourceQuality "1"]
[TimeControl "40/5400+30:1800+30"]

1. Nf3 Nf6 2. b3 g6 3. Bb2 Bg7 4. g3 O-O 5. Bg2 d6 6. d4 c5 7. c4 d5 8. cxd5 Nxd5 9. Qd2 Nc7 10. O-O Nc6 11. Rd1 Bf5 12. Na3 Be4 13. dxc5 Qxd2 14. Rxd2 Na6 15. Nd4 Bxg2 16. Kxg2 Ncb4 17. c6 bxc6 18. Nf3 Bxb2 19. Rxb2 Rfd8 1/2-1/2

[Event "EYCC Open-U18 2019"]
[Site "Bratislava"]
[Date "2019.08.10"]
[Round "9.32"]
[White "Zabolotnov, Evgeny"]
[Black "Mirri, Pietro"]
[Result "1/2-1/2"]
[ECO "D35"]
[WhiteElo "2284"]
[BlackElo "2194"]
[Annotator "NA"]
[PlyCount "39"]
[EventDate "2019.08.02"]
[EventType "swiss"]
[EventCountry "SVK"]
[SourceTitle "playchess.com"]
[Source "ChessBase"]
[SourceQuality "1"]
[TimeControl "40/5400+30:1800+30"]

1. d4 d5 2. c4 e6 3. Nc3 Nf6 4. cxd5 exd5 5. Bg5 Be7 6. e3 c6 7. Bd3 O-O 8. Qc2 h6 9. Bf4 Nbd7 10. h3 c5 11. Nf3 a6 12. O-O c4 13. Be2 b5 14. Ne5 Bb7 15. Bf3 Nb6 16. a3 Rc8 17. Bh2 Re8 18. Rad1 Bd6 19. Kh1 Qc7 20. Rfe1 1/2-1/2

[Event "EYCC Open-U18 2019"]
[Site "Bratislava"]
[Date "2019.08.10"]
[Round "9.33"]
[White "Kizatbay, Abyl"]
[Black "Polczyk, Mikolaj"]
[Result "1/2-1/2"]
[ECO "B03"]
[WhiteElo "2216"]
[BlackElo "2111"]
[Annotator "NA"]
[PlyCount "53"]
[EventDate "2019.08.02"]
[EventType "swiss"]
[EventCountry "SVK"]
[SourceTitle "playchess.com"]
[Source "ChessBase"]
[SourceQuality "1"]
[TimeControl "40/5400+30:1800+30"]

1. e4 Nf6 2. e5 Nd5 3. d4 d6 4. c4 Nb6 5. exd6 cxd6 6. Nc3 g6 7. Be3 Bg7 8. Rc1 O-O 9. b3 Nc6 10. Nf3 f5 11. d5 Ne5 12. Be2 f4 13. Bd4 Nxf3+ 14. Bxf3 Nd7 15. Bg4 Ne5 16. Bxc8 Qxc8 17. f3 Qf5 18. O-O g5 19. Nb5 Rfc8 20. Kh1 a6 21. Bxe5 Qxe5 22. Re1 Qf6 23. Re6 Qb2 24. Rc2 Qa1 25. Rc1 Qb2 26. Re2 Qf6 27. Re6 1/2-1/2

[Event "EYCC Open-U18 2019"]
[Site "Bratislava"]
[Date "2019.08.10"]
[Round "9.34"]
[White "Stijve, Theo"]
[Black "Horak, Jan"]
[Result "1-0"]
[ECO "B46"]
[WhiteElo "2336"]
[BlackElo "2020"]
[Annotator "NA"]
[PlyCount "59"]
[EventDate "2019.08.02"]
[EventType "swiss"]
[EventCountry "SVK"]
[SourceTitle "playchess.com"]
[Source "ChessBase"]
[SourceQuality "1"]
[TimeControl "40/5400+30:1800+30"]

1. e4 c5 2. Nf3 e6 3. d4 cxd4 4. Nxd4 Nc6 5. Nc3 a6 6. Be3 Qc7 7. Qd2 Nf6 8. O-O-O Bb4 9. f3 Ne5 10. Nb3 b5 11. Qe1 Be7 12. f4 Nc4 13. e5 Ng4 14. Bg1 Nh6 15. Ne4 d5 16. exd6 Nxd6 17. Bd4 Nhf5 18. Be5 Bb7 19. Nbc5 Rc8 20. Bd3 Qb6 21. Nxd6+ Nxd6 22. Nxb7 Nxb7 23. Bxg7 Rg8 24. Bd4 Qa5 25. Qxa5 Nxa5 26. g3 f5 27. Rhe1 Kf7 28. Be2 Bf6 29. Bh5+ Ke7 30. Bxf6+ 1-0

[Event "EYCC Open-U18 2019"]
[Site "Bratislava"]
[Date "2019.08.10"]
[Round "9.35"]
[White "Martinez Fernandez, Adrian"]
[Black "Triantos, Konstantinos"]
[Result "1-0"]
[ECO "C24"]
[WhiteElo "2311"]
[BlackElo "2129"]
[Annotator "NA"]
[PlyCount "208"]
[EventDate "2019.08.02"]
[EventType "swiss"]
[EventCountry "SVK"]
[SourceTitle "playchess.com"]
[Source "ChessBase"]
[SourceQuality "1"]
[TimeControl "40/5400+30:1800+30"]

1. e4 e5 2. Bc4 Nf6 3. d3 Nc6 4. Nc3 d6 5. f4 exf4 6. Bxf4 Be7 7. Nf3 Be6 8. Bb3 Qd7 9. O-O O-O 10. d4 Bxb3 11. axb3 Rfe8 12. Re1 a6 13. Qd2 Rad8 14. Rad1 h6 15. d5 Nb8 16. Nd4 Qg4 17. Nf5 Bf8 18. h3 Qg6 19. Re3 Nxe4 20. Nxh6+ Qxh6 21. Rxe4 Qg6 22. Rde1 Rxe4 23. Rxe4 Nd7 24. b4 c6 25. Re1 Rc8 26. dxc6 bxc6 27. Ne2 Re8 28. Rd1 Nf6 29. Nd4 Qe4 30. Nf3 Qf5 31. c3 Nd5 32. Bg3 Ne3 33. Qd3 g6 34. Qxf5 Nxf5 35. Bf4 Re4 36. Bg5 Re2 37. Rd2 Rxd2 38. Nxd2 Kg7 39. g4 Ne7 40. Bxe7 Bxe7 41. Kf2 Kf6 42. Ke3 Ke5 43. Nf3+ Kd5 44. Kd3 g5 45. Nd4 c5 46. c4+ Ke5 47. Nc6+ Ke6 48. Ke4 Bf6 49. b3 cxb4 50. Nxb4 a5 51. Nc6 Bc3 52. Nd4+ Kd7 53. Nf3 f6 54. Kd5 Bb4 55. Nd4 Bc5 56. Nf5 Bb4 57. Ng3 Bc3 58. Nf5 Bb4 59. h4 gxh4 60. Nxh4 Bc3 61. Nf5 Bb4 62. Ng3 Ke7 63. Ne4 Ba3 64. Nc3 Bb4 65. Nb5 Kd7 66. Nd4 Bc5 67. Nf5 Bb4 68. Ke4 Bc3 69. Kd5 Bb4 70. Ng7 Bc3 71. Ne6 Bb4 72. Nf4 Bc3 73. Nd3 Bd2 74. Ke4 Bc3 75. Kf5 Ke7 76. Nf4 Kf7 77. Ne2 Be5 78. Nc1 Bb2 79. Nd3 Bc3 80. Nf2 Bd4 81. Nd3 Bc3 82. Nf4 Be5 83. Ne6 Bc3 84. Nc7 Bb2 85. Ke4 Ke7 86. Nd5+ Ke6 87. Nf4+ Ke7 88. Kf5 Kf7 89. Nd5 Bd4 90. Nc7 Bb6 91. Nb5 Bc5 92. Ke4 Ke6 93. Nc7+ Kd7 94. Nd5 Ke6 95. Nf4+ Ke7 96. Kd5 Kd7 97. Nd3 Ba3 98. Kd4 Ke6 99. Ke4 Ke7 100. Kf4 Ke6 101. Kg3 Bb4 102. Nxb4 axb4 103. Kf4 d5 104. cxd5+ Kxd5 {Ke4+} 1-0

[Event "EYCC Open-U18 2019"]
[Site "Bratislava"]
[Date "2019.08.10"]
[Round "9.36"]
[White "Jakab, Bela"]
[Black "Durica, Adam"]
[Result "1-0"]
[ECO "C41"]
[WhiteElo "2278"]
[BlackElo "1958"]
[Annotator "NA"]
[PlyCount "80"]
[EventDate "2019.08.02"]
[EventType "swiss"]
[EventCountry "SVK"]
[SourceTitle "playchess.com"]
[Source "ChessBase"]
[SourceQuality "1"]
[TimeControl "40/5400+30:1800+30"]

1. e4 e5 2. Nf3 d6 3. Bc4 c6 4. O-O Bg4 5. c3 Nf6 6. Re1 b5 7. Bf1 Be7 8. d4 Nbd7 9. Nbd2 O-O 10. h3 Bxf3 11. Nxf3 a5 12. a4 b4 13. cxb4 axb4 14. dxe5 dxe5 15. Qc2 Qc7 16. Be3 c5 17. Nd2 Rfc8 18. Nc4 Nb6 19. Red1 Ne8 20. Nxb6 Qxb6 21. Rd5 Qc7 22. Bc4 Nd6 23. Rxc5 Qxc5 24. Bxc5 Rxc5 25. b3 Nxc4 26. bxc4 Rac8 27. a5 Rxc4 28. Qa4 Bc5 29. a6 Ba7 30. Rd1 h6 31. Kh2 Bd4 32. Rd2 Kh7 33. Ra2 Ba7 34. Rb2 R8c6 35. Rxb4 Rxb4 36. Qxc6 Bxf2 37. Qd7 Be3 38. a7 Bf4+ 39. g3 Rb2+ 40. Kh1 Rb1+ 1-0

[Event "EYCC Open-U18 2019"]
[Site "Bratislava"]
[Date "2019.08.10"]
[Round "9.37"]
[White "Johannsson, Birkir Isak"]
[Black "Halfhide, Sebastian"]
[Result "1/2-1/2"]
[ECO "A05"]
[WhiteElo "1988"]
[BlackElo "2286"]
[Annotator "ChessBase"]
[PlyCount "109"]
[EventDate "2019.08.02"]
[EventType "swiss"]
[EventCountry "SVK"]
[SourceTitle "playchess.com"]
[Source "ChessBase"]
[SourceQuality "1"]
[TimeControl "40/5400+30:1800+30"]

1. Nf3 Nf6 2. c4 e6 3. Nc3 d5 4. d4 a6 5. cxd5 exd5 6. Bg5 Be6 7. e3 Nbd7 8. Bd3 Bd6 9. O-O c6 10. Bf4 Qc7 11. Qd2 O-O 12. h3 Rfe8 13. b4 Nb6 14. Ne2 h6 15. Qc2 Nc4 16. Nd2 Nxd2 17. Qxd2 Ne4 18. Qc2 Bxf4 19. Nxf4 Nd6 20. Rfc1 Qd7 21. a4 Rec8 22. Qc3 Bf5 23. Be2 g5 24. Nh5 Qe6 25. Ng3 Bg6 26. Qb3 h5 27. Nxh5 Bxh5 28. Bxh5 f5 29. Qd1 Kh8 30. Be2 Rg8 31. g3 g4 32. h4 Rae8 33. Bf1 Ne4 34. Qe1 Qf6 35. Qd1 Qd6 36. Bg2 Qxb4 37. Rab1 Qe7 38. Rb6 Rd8 39. Bxe4 fxe4 40. Rcb1 Rd7 41. R1b3 Rg7 42. Qb1 Rf7 43. Qb2 Kh7 44. Kg2 Rc7 45. Kg1 Kg8 46. Qe2 Qd7 47. Qb2 Kf8 48. R3b4 Ke8 49. Rb3 Kd8 50. a5 Qe7 51. Qe2 Rg7 52. Qb2 Kc8 53. Kg2 Rf7 54. Kg1 Qf6 55. Qe2 1/2-1/2

[Event "EYCC Open-U18 2019"]
[Site "Bratislava"]
[Date "2019.08.10"]
[Round "9.38"]
[White "Gray, Euan"]
[Black "Castillo Dalmau, Albert"]
[Result "1/2-1/2"]
[ECO "E55"]
[WhiteElo "2004"]
[BlackElo "2252"]
[Annotator "NA"]
[PlyCount "89"]
[EventDate "2019.08.02"]
[EventType "swiss"]
[EventCountry "SVK"]
[SourceTitle "playchess.com"]
[Source "ChessBase"]
[SourceQuality "1"]
[TimeControl "40/5400+30:1800+30"]

1. d4 Nf6 2. c4 e6 3. Nc3 Bb4 4. e3 O-O 5. Bd3 d5 6. Nf3 c5 7. O-O dxc4 8. Bxc4 Nbd7 9. Qe2 b6 10. Rd1 cxd4 11. exd4 Bxc3 12. bxc3 Qc7 13. Bd2 Bb7 14. Rac1 Bxf3 15. gxf3 Nd5 16. Bd3 Nf4 17. Bxf4 Qxf4 18. Qe4 Qh6 19. Qe3 Qh4 20. f4 Nf6 21. Qg3 Qh6 22. Qg5 Qxg5+ 23. fxg5 Nd5 24. Be4 Rac8 25. Bxd5 exd5 26. Re1 Rc7 27. Re5 Rd8 28. Kf1 f6 29. gxf6 gxf6 30. Re3 Kf7 31. Ke2 Rg8 32. Rg3 Re8+ 33. Kd3 Re4 34. Rcg1 Ke6 35. Rg7 Rxg7 36. Rxg7 Rh4 37. Rxa7 Rxh2 38. Ke3 Rh3+ 39. f3 Rh2 40. Rb7 Rb2 41. Rxh7 Rxa2 42. Rc7 Ra3 43. Kd3 Kd6 44. Rf7 Ke6 45. Rc7 {[%emt 0:00:03] Ke5 Ke4+} 1/2-1/2

[Event "EYCC Open-U18 2019"]
[Site "Bratislava"]
[Date "2019.08.10"]
[Round "9.39"]
[White "Marzo Pie, Xavier"]
[Black "Toquero Gracia, Pau"]
[Result "1-0"]
[ECO "A41"]
[WhiteElo "2202"]
[BlackElo "2080"]
[Annotator "NA"]
[PlyCount "71"]
[EventDate "2019.08.02"]
[EventType "swiss"]
[EventCountry "SVK"]
[SourceTitle "playchess.com"]
[Source "ChessBase"]
[SourceQuality "1"]
[TimeControl "40/5400+30:1800+30"]

1. d4 d6 2. c4 e5 3. d5 f5 4. e4 Nf6 5. Nc3 Nxe4 6. Nxe4 fxe4 7. Ne2 Nd7 8. Ng3 Nf6 9. Bg5 Be7 10. Bxf6 Bxf6 11. Nxe4 Bf5 12. Bd3 Bxe4 13. Bxe4 Qd7 14. Qc2 g6 15. O-O-O Ke7 16. Kb1 a5 17. h4 Qg4 18. f3 Qf4 19. h5 Qg5 20. c5 Kf7 21. cxd6 cxd6 22. Qc7+ Be7 23. g4 Kg7 24. hxg6 hxg6 25. Rxh8 Rxh8 26. Qxb7 Rh2 27. Qa7 Qh4 28. Qxa5 Qf2 29. Qc3 Bd8 30. Bc2 Bb6 31. Qd3 Bd4 32. Qxg6+ Kf8 33. Qxd6+ Kg8 34. Qg6+ Kf8 35. d6 Bxb2 36. d7 1-0

[Event "EYCC Open-U18 2019"]
[Site "Bratislava"]
[Date "2019.08.10"]
[Round "9.40"]
[White "Pirard, Natan"]
[Black "Novosel, Marko"]
[Result "1-0"]
[ECO "B52"]
[WhiteElo "2153"]
[BlackElo "1981"]
[Annotator "NA"]
[PlyCount "45"]
[EventDate "2019.08.02"]
[EventType "swiss"]
[EventCountry "SVK"]
[SourceTitle "playchess.com"]
[Source "ChessBase"]
[SourceQuality "1"]
[TimeControl "40/5400+30:1800+30"]

1. e4 c5 2. Nf3 d6 3. Bb5+ Bd7 4. Bxd7+ Qxd7 5. O-O g6 6. c3 Bg7 7. d4 cxd4 8. cxd4 Nf6 9. Nc3 O-O 10. Qe2 e6 11. Bf4 Kh8 12. Rfe1 d5 13. Ne5 Qd8 14. Bg5 Qa5 15. Bxf6 Bxf6 16. exd5 exd5 17. Qf3 Bxe5 18. dxe5 Nc6 19. Nxd5 Rae8 20. Rad1 Qxa2 21. Qc3 Kg7 22. Nf6 Re6 23. Ra1 1-0

[Event "EYCC Open-U18 2019"]
[Site "Bratislava"]
[Date "2019.08.10"]
[Round "9.41"]
[White "Alivodic, Dario"]
[Black "Bulockin, Martin"]
[Result "1/2-1/2"]
[ECO "A67"]
[WhiteElo "2120"]
[BlackElo "2210"]
[Annotator "ChessBase"]
[PlyCount "72"]
[EventDate "2019.08.02"]
[EventType "swiss"]
[EventCountry "SVK"]
[SourceTitle "playchess.com"]
[Source "ChessBase"]
[SourceQuality "1"]
[TimeControl "40/5400+30:1800+30"]

1. d4 Nf6 2. c4 c5 3. d5 e6 4. Nc3 exd5 5. cxd5 d6 6. e4 g6 7. f4 Bg7 8. Bb5+ Nfd7 9. Nf3 O-O 10. O-O a6 11. Bd3 b5 12. Kh1 b4 13. Ne2 a5 14. f5 Ne5 15. Bg5 f6 16. Nxe5 fxg5 17. Nc4 Ba6 18. fxg6 Rxf1+ 19. Qxf1 hxg6 20. e5 Nd7 21. e6 Nf6 22. Ng3 Bxc4 23. Bxc4 Bf8 24. Qd3 Kg7 25. Rf1 Be7 26. Bb3 Qh8 27. Ne4 Qh4 28. Nxf6 Bxf6 29. Bc2 Qh7 30. Qb5 Rf8 31. Bd3 Be7 32. Rxf8 Kxf8 33. Qb8+ Kg7 34. Qe8 Kf6 35. g3 Ke5 36. Kg2 Qg7 1/2-1/2

[Event "EYCC Open-U18 2019"]
[Site "Bratislava"]
[Date "2019.08.10"]
[Round "9.42"]
[White "Galiana Fernandez, Adrian"]
[Black "Rodriguez Izquierdo, Luis"]
[Result "0-1"]
[ECO "A58"]
[WhiteElo "2302"]
[BlackElo "2007"]
[Annotator "ChessBase"]
[PlyCount "76"]
[EventDate "2019.08.02"]
[EventType "swiss"]
[EventCountry "SVK"]
[SourceTitle "playchess.com"]
[Source "ChessBase"]
[SourceQuality "1"]
[TimeControl "40/5400+30:1800+30"]

1. d4 Nf6 2. c4 c5 3. d5 b5 4. cxb5 a6 5. bxa6 g6 6. Nc3 Bg7 7. e4 O-O 8. Be2 Qa5 9. Bd2 Bxa6 10. e5 Ne8 11. Nf3 d6 12. e6 fxe6 13. Ng5 Bxe2 14. Qxe2 Nc7 15. Nxe6 Nxe6 16. Qxe6+ Kh8 17. O-O Qd8 18. Ne4 Rf5 19. Bc3 Bxc3 20. Nxc3 Nd7 21. f4 Nb6 22. Rae1 Na4 23. Nxa4 Rxa4 24. a3 Raxf4 25. Rxf4 Rxf4 26. g3 Rf5 27. Rf1 Rxf1+ 28. Kxf1 Kg7 29. b4 cxb4 30. axb4 Qc7 31. Qe4 Kf8 32. Qd4 Ke8 33. b5 Qc1+ 34. Kg2 Qc2+ 35. Kh3 Qf5+ 36. g4 Qf3+ 37. Kh4 Qf6+ 38. Qxf6 exf6 0-1

[Event "EYCC Open-U18 2019"]
[Site "Bratislava"]
[Date "2019.08.10"]
[Round "9.43"]
[White "Mladek, Richard"]
[Black "Ihnat, Marek"]
[Result "1-0"]
[ECO "B78"]
[WhiteElo "2253"]
[BlackElo "1946"]
[Annotator "ChessBase"]
[PlyCount "53"]
[EventDate "2019.08.02"]
[EventType "swiss"]
[EventCountry "SVK"]
[SourceTitle "playchess.com"]
[Source "ChessBase"]
[SourceQuality "1"]
[TimeControl "40/5400+30:1800+30"]

1. e4 c5 2. Nf3 Nc6 3. d4 cxd4 4. Nxd4 g6 5. Nc3 Bg7 6. Be3 Nf6 7. Bc4 d6 8. f3 O-O 9. Qd2 Bd7 10. O-O-O Rc8 11. Bb3 Ne5 12. Kb1 Re8 13. h4 h5 14. g4 hxg4 15. h5 Nxh5 16. Rdg1 Qa5 17. Bh6 Bf6 18. fxg4 Bxg4 19. Qe3 Qc5 20. Nd5 Bh8 21. c3 Kh7 22. Nf4 e6 23. Rh4 Nxf4 24. Qxf4 Bh5 25. Bd1 Bxd1 26. Bf8+ Bh5 27. Rxh5+ 1-0

[Event "EYCC Open-U18 2019"]
[Site "Bratislava"]
[Date "2019.08.10"]
[Round "9.44"]
[White "Akdogan, Alperen"]
[Black "Vardanyan, Aras"]
[Result "1-0"]
[ECO "A59"]
[WhiteElo "2193"]
[BlackElo "2027"]
[Annotator "ChessBase"]
[PlyCount "109"]
[EventDate "2019.08.02"]
[EventType "swiss"]
[EventCountry "SVK"]
[SourceTitle "playchess.com"]
[Source "ChessBase"]
[SourceQuality "1"]
[TimeControl "40/5400+30:1800+30"]

1. d4 Nf6 2. c4 c5 3. d5 b5 4. cxb5 a6 5. bxa6 g6 6. Nc3 Bxa6 7. e4 Bxf1 8. Kxf1 d6 9. g3 Bg7 10. Kg2 O-O 11. Nf3 Nbd7 12. Re1 Ng4 13. Qe2 Qa5 14. Nd2 Ngf6 15. Nc4 Qa6 16. Bd2 e6 17. dxe6 fxe6 18. Bf4 Ng4 19. Rad1 Bd4 20. f3 e5 21. Bg5 Rf7 22. Nd5 Raf8 23. Rf1 h6 24. Be7 Ne3+ 25. Ndxe3 Rxe7 26. Nd5 Ref7 27. b3 Nf6 28. Rd2 Kg7 29. Qd3 Qc6 30. Nce3 Ra7 31. Qc4 Nxd5 32. Nxd5 Rfa8 33. a4 Rb8 34. f4 Qa6 35. Qxa6 Rxa6 36. fxe5 dxe5 37. Rd3 c4 38. bxc4 Rxa4 39. Rdf3 h5 40. Rf7+ Kh6 41. Nf6 Rb2+ 42. Kh1 Ra7 43. Rf8 Rf2 44. Rxf2 Bxf2 45. Ng8+ Kg7 46. Rxf2 Ra1+ 47. Kg2 Kxg8 48. Rc2 Kf8 49. c5 Ke8 50. c6 Kd8 51. Rc5 Ra6 52. Kh3 Kc7 53. Kh4 Rb6 54. Kg5 Rb2 55. h4 1-0

[Event "EYCC Open-U18 2019"]
[Site "Bratislava"]
[Date "2019.08.10"]
[Round "9.45"]
[White "Varga, Lukas"]
[Black "Riha, Vojtech"]
[Result "0-1"]
[ECO "B34"]
[WhiteElo "2046"]
[BlackElo "2197"]
[Annotator "ChessBase"]
[PlyCount "50"]
[EventDate "2019.08.02"]
[EventType "swiss"]
[EventCountry "SVK"]
[SourceTitle "playchess.com"]
[Source "ChessBase"]
[SourceQuality "1"]
[TimeControl "40/5400+30:1800+30"]

1. e4 c5 2. Nf3 Nc6 3. d4 cxd4 4. Nxd4 Nf6 5. Nc3 e5 6. Ndb5 d6 7. a4 a6 8. Na3 Bg4 9. f3 Be6 10. Bc4 Rc8 11. O-O Be7 12. Be3 O-O 13. Bd5 Qc7 14. Nc4 Bxd5 15. Nxd5 Nxd5 16. exd5 Nd4 17. b3 b5 18. axb5 axb5 19. Bxd4 exd4 20. Na3 d3 21. Qxd3 Bf6 22. Ra2 Qa7+ 23. Kh1 b4 24. c4 bxa3 25. b4 Bb2 0-1

[Event "EYCC Open-U18 2019"]
[Site "Bratislava"]
[Date "2019.08.10"]
[Round "9.46"]
[White "Bielik, Jakub"]
[Black "Ghersinich, Enrico"]
[Result "0-1"]
[ECO "B23"]
[WhiteElo "1919"]
[BlackElo "2221"]
[Annotator "ChessBase"]
[PlyCount "108"]
[EventDate "2019.08.02"]
[EventType "swiss"]
[EventCountry "SVK"]
[SourceTitle "playchess.com"]
[Source "ChessBase"]
[SourceQuality "1"]
[TimeControl "40/5400+30:1800+30"]

1. e4 c5 2. Nc3 Nc6 3. f4 g6 4. Nf3 Bg7 5. Bb5 Nd4 6. O-O Nxb5 7. Nxb5 a6 8. Nc3 d6 9. a4 Nf6 10. d3 O-O 11. Qe1 Nd7 12. a5 e6 13. f5 exf5 14. exf5 Ne5 15. Nxe5 Bxe5 16. fxg6 hxg6 17. Bf4 Bg7 18. Qd2 b5 19. Bg5 Bd4+ 20. Kh1 f6 21. Be3 Be5 22. Bf4 Bb7 23. Bxe5 dxe5 24. Qh6 Qe8 25. Rae1 Rd8 26. Re3 Rd7 27. Rg3 Rg7 28. Qe3 Qe7 29. Re1 Qc7 30. Rh3 Rh7 31. Rh6 Kg7 32. Rxh7+ Kxh7 33. Rf1 Kg7 34. Ne4 Bxe4 35. dxe4 c4 36. Qd2 Rd8 37. Qf2 Rd6 38. g4 Qxa5 39. Qa7+ Kg8 40. Qe7 Qd8 41. Qxd8+ Rxd8 42. Rxf6 Rd2 43. Rxg6+ Kf7 44. Rxa6 Rxc2 45. h4 Rxb2 46. Ra7+ Ke6 47. Ra6+ Kd7 48. Ra7+ Kc6 49. Ra8 Kb7 50. Ra1 c3 51. Rc1 b4 52. h5 c2 53. Kg2 b3 54. h6 Ra2 0-1

[Event "EYCC Open-U18 2019"]
[Site "Bratislava"]
[Date "2019.08.10"]
[Round "9.47"]
[White "Baranciuc, Alexandr"]
[Black "Gloser, David"]
[Result "1/2-1/2"]
[ECO "B18"]
[WhiteElo "1901"]
[BlackElo "2123"]
[Annotator "ChessBase"]
[PlyCount "38"]
[EventDate "2019.08.02"]
[EventType "swiss"]
[EventCountry "SVK"]
[SourceTitle "playchess.com"]
[Source "ChessBase"]
[SourceQuality "1"]
[TimeControl "40/5400+30:1800+30"]

1. e4 c6 2. d4 d5 3. Nc3 dxe4 4. Nxe4 Bf5 5. Ng3 Bg6 6. Nh3 e6 7. Nf4 Bd6 8. c3 Nf6 9. Bc4 Nbd7 10. O-O O-O 11. h4 Qc7 12. Qf3 e5 13. Nxg6 hxg6 14. h5 gxh5 15. Nxh5 Nxh5 16. Qxh5 exd4 17. cxd4 Nf6 18. Qh4 Qd7 19. Bg5 Nh7 1/2-1/2

[Event "EYCC Open-U18 2019"]
[Site "Bratislava"]
[Date "2019.08.10"]
[Round "9.48"]
[White "Korjus, Onni"]
[Black "Pobor, Danilo"]
[Result "1-0"]
[ECO "B41"]
[WhiteElo "1848"]
[BlackElo "1996"]
[Annotator "NA"]
[PlyCount "45"]
[EventDate "2019.08.02"]
[EventType "swiss"]
[EventCountry "SVK"]
[SourceTitle "playchess.com"]
[Source "ChessBase"]
[SourceQuality "1"]
[TimeControl "40/5400+30:1800+30"]

1. e4 e6 2. d4 c5 3. Nf3 cxd4 4. Nxd4 a6 5. c4 Nc6 6. Nc2 Qc7 7. Nc3 Nf6 8. g3 b6 9. Bg2 Bb7 10. Qe2 Bc5 11. Bf4 d6 12. O-O Nd4 13. Nxd4 Bxd4 14. Rac1 Rc8 15. b3 O-O 16. Rfd1 Bc5 17. Rd3 Rfd8 18. Rcd1 Qc6 19. Bg5 Kf8 20. Rf3 Bb4 21. Bxf6 gxf6 22. Qe3 Ke7 23. Nd5+ 1-0